 Dungeon Crawl Stone Soup version 0.29.1-15-g9cfb28693d (webtiles) character file.

Game seed: 15469003299902953878

18 Heoruswealwe the Caller (level 2, 0/15 HPs)
             Began as a Deep Elf Summoner on Feb 21, 2023.
             Succumbed to an adder's poison
             ... on level 2 of the Dungeon.
             The game lasted 00:11:27 (647 turns).

Heoruswealwe the Caller (Deep Elf Summoner)          Turns: 647, Time: 00:11:28

Health: 0/15       AC:  2    Str: 11    XL:     2   Next: 48%
Magic:  6/8        EV: 12    Int: 19    God:
Gold:   37         SH:  0    Dex: 15    Spells: 7/8 levels left

rFire   . . .      SeeInvis .   t - +0 short sword
rCold   . . .      Faith    .   (no shield)
rNeg    . . .      Spirit   .   n - +0 robe
rPois   .          Reflect  .   (no helmet)
rElec   .          Harm     .   (no cloak)
rCorr   .          Rampage  .   (no gloves)
Will    .....                   (no boots)
Stlth   ++........              (no amulet)
HPRegen 0.05/turn               h - +6 ring of strength
MPRegen 0.11/turn               (no ring)

@: lethally poisoned (0 -> -6), studying Ice Magic
A: no striking features
a: no special abilities


You were on level 2 of the Dungeon.
You visited 1 branch of the dungeon, and saw 2 of its levels.

You collected 37 gold pieces.

Inventory:

Hand Weapons
 f - a +0 whip
 j - a +0 hand axe
 k - a +0 dagger
 q - a +0 hand axe
 r - a +0 dagger
 t - a +0 short sword (weapon)
 u - a +0 mace
Missiles
 c - 5 javelins
 d - 9 stones
Armour
 a - a +0 robe
 n - a +0 robe (worn)
 s - a +0 robe
Jewellery
 h - a +6 ring of strength (left hand)
Scrolls
 g - a scroll of magic mapping {unknown}
 l - a scroll of immolation {unknown}
 m - 3 scrolls of enchant armour {unknown}
 o - a scroll of vulnerability {unknown}
Potions
 b - a potion of magic
 e - a potion of cancellation
 i - a potion of curing {unknown}
 p - a potion of attraction {unknown}


   Skills:
 - Level 2.4 Dodging
 - Level 2.4 Stealth
 + Level 3.5 Spellcasting
 + Level 4.8 Summonings
 - Level 1.2 Ice Magic


You had 7 spell levels left.
You knew the following spells:

 Your Spells              Type           Power      Damage    Failure   Level
a - Summon Small Mammal   Summ           84%        N/A       1%          1

Your spell library contained the following spells:

 Spells                   Type           Power      Damage    Failure   Level
 Call Imp                 Summ           21%        N/A       3%          2
 Call Canine Familiar     Summ           21%        N/A       6%          3
 Slow                     Hex            12%        N/A       14%         1
 Summon Guardian Golem    Hex/Summ       12%        N/A       16%         3
 Confusing Touch          Hex            3%         N/A       41%         3
 Vampiric Draining        Necr           3%         2d6       41%         3
 Summon Lightning Spire   Summ/Air       12%        N/A       47%         4
 Yara's Violent Unravell  Hex/Tmut       1%         3d3       99%         5
 Enfeeble                 Hex            1%         N/A       100%        7


Dungeon Overview and Level Annotations

Branches:
Dungeon (2/15)

Altars:


Message History

A bat comes into view.
The bat hits you but does no damage.
The bat misses something.
You closely miss the bat. The bat closely misses you.
The bat hits you but does no damage.
The kobold throws a stone.
The stone barely misses you.
You hit the bat.
The bat is moderately wounded.
The bat hits you but does no damage.
Your quokka closely misses the bat. x2
The bat barely misses you. The bat hits your quokka. The bat misses you.
Your quokka barely misses the bat.
You closely miss the bat.
The bat is moderately wounded.
The bat closely misses you. The kobold hits you with a +0 whip.
The bat barely misses your quokka.
Your quokka misses the bat.
The rat twitches its whiskers.
The adder attacks as you move away! The adder bites you.
The bat hits you but does no damage. The bat closely misses you.
The bat hits you.
Your quokka barely misses the bat.
The adder bites your quokka.
The kobold hits your quokka with a +0 whip.
Your quokka dies!
Your quokka's corpse disappears in a puff of smoke!
Casting: Summon Small Mammal (safe; 1% risk of failure)
Confirm with . or Enter, or press ? or * to list all spells.
The bat hits you. The bat closely misses you.
Casting: Summon Small Mammal (safe; 1% risk of failure)
Confirm with . or Enter, or press ? or * to list all spells.
You miscast Summon Small Mammal.
You are very lightly contaminated with residual magic.
Nothing appears to happen.
The bat hits you. x2
Your bat barely misses the bat.
The bat hits you but does no damage. The bat barely misses you.
The adder bites you.
Your bat misses the bat. The frilled lizard bites your bat.
The adder bites you.
* * * LOW HITPOINT WARNING * * *
You are lethally poisoned!
The adder poisons you!
Your bat closely misses the frilled lizard.
It was a potion of cancellation.
You feel magically purged.
Your magical contamination has completely faded away.
You die...

##### #.#..
#...#####.....
##............>
##......l.......
#..###.###...#..
##.##S....##.....
#..#@b.#...#...#
#..#.Kbl.<.#.?.#
#..#..br...#....#
#..#.#K..#.#...##
#......<...!....#
##..#.....#...##.
#.r#######...#
##..b......#.#
##.........r.


You could see an adder, a quokka, 3 bats, 2 kobolds, 2 frilled lizards, a rat
and a friendly bat (summoned).

Vanquished Creatures
  An endoplasm (D:1)
  A kobold (D:1)
  A bat (D:1)
3 creatures vanquished.

Vanquished Creatures (collateral kills)
  2 ball pythons (D:1)
  An endoplasm (D:1)
  A giant cockroach (D:1)
  2 hobgoblins (D:1)
  2 jackals (D:1)
  3 kobolds (D:1)
  A quokka (D:1)
12 creatures vanquished.

Grand Total: 15 creatures vanquished

Notes
Turn   | Place    | Note
-------+----------+-------------------------------------------
     0 | D:1      | Heoruswealwe the Deep Elf Summoner began the quest for the
                  | Orb.
     0 | D:1      | Reached XP level 1. HP: 10/10 MP: 6/6
   189 | D:1      | Reached XP level 2. HP: 15/15 MP: 4/8
   237 | D:1      | Reached skill level 1 in Ice Magic
   634 | D:2      | Found a faded altar of an unknown god.
   647 | D:2      | Succumbed to an adder's poison

Illustrated notes

Levels and vault maps discovered:
D:1:      mrwooster_arrival_arrow, layout_rooms, minmay_pentomino_o4
D:2:      layout_loops_ring, nicolae_ecumenical_pavilion

Skill      XL: |  1  2 |
---------------+-------+-----
Ice Magic      | 1 |  1.2
Dodging        | |  2.4
Stealth        | |  2.4
Spellcasting   | |  3.5
Summonings     | |  4.8

Action                   || total
-------------------------++-------
Melee: Whip              ||     6
       Short sword       ||     3
 Cast: Summon Small Mamm ||    15
  Use: Potion            ||     1
Armor: Robe              ||     7
Dodge: Dodged            ||    15
